 Dungeon Crawl Stone Soup version 0.21.1-1-g345015f (webtiles) character file.

1018 empire the Cleaver (level 8, -3/67 HPs)
             Began as a Minotaur Fighter on Apr 25, 2018.
             Was a Priest of Cheibriados.
             Slain by Pikel
             ... wielding a +2 whip of electrocution
              (10 damage)
             ... on level 6 of the Dungeon.
             The game lasted 00:08:22 (4528 turns).

empire the Cleaver (Minotaur Fighter)               Turns: 4528, Time: 00:08:23

Health: -3/67      AC: 11    Str: 34    XL:     8   Next: 2%
Magic:  8/8        EV:  9    Int: 11    God:    Cheibriados [***...]
Gold:   222        SH: 11    Dex: 16    Spells: 7/7 levels left

rFire    + . .     SeeInvis +   a - +0 war axe
rCold    + . .     Gourm    .   c - +0 shield
rNeg     . . .     Faith    +   n - +1 scale mail {rC+}
rPois    .         Spirit   .   z - +1 hat
rElec    .         Reflect  .   m - +0 cloak
rCorr    .         Harm     .   (no gloves)
MR       .....                  (no boots)
Stlth    ..........             B - amulet of faith
HPRegen  0.21/turn              t - ring of see invisible
MPRegen  0.11/turn              r - ring of protection from fire

@: mighty, very slow
A: retaliatory headbutt, horns 2
a: Bend Time, Temporal Distortion, Renounce Religion


You were on level 6 of the Dungeon.
You worshipped Cheibriados.
Cheibriados was most pleased with you.
You were not hungry.

You visited 1 branch of the dungeon, and saw 6 of its levels.

You collected 222 gold pieces.

Inventory:

Hand Weapons
 a - a +0 war axe (weapon)
Armour
 c - a +0 shield (worn)
 m - a +0 cloak (worn)
 n - a +1 scale mail of cold resistance (worn)
 x - a +0 chain mail
 z - a +1 hat (worn)
Jewellery
 b - an uncursed ring of fire
 i - an uncursed ring of magical power
 q - an uncursed ring of resist corrosion
 r - a ring of protection from fire (right hand)
 s - an uncursed ring of protection from fire
 t - a ring of see invisible (left hand)
 B - an amulet of faith (around neck)
Wands
 o - a wand of polymorph (10)
 u - a wand of acid (3)
 w - a wand of flame (15)
 y - a wand of digging (15)
Scrolls
 e - 4 scrolls of teleportation
 g - a scroll of magic mapping
 l - a scroll of remove curse
Potions
 d - a potion of might
 h - 2 potions of curing {unknown}
 j - 3 potions of berserk rage {unknown}
 k - 2 potions of agility {unknown}
 p - 2 potions of brilliance {unknown}
 v - a potion of lignification {unknown}
Comestibles
 f - 7 rations


   Skills:
 + Level 4.5 Fighting
 - Level 8.2 Axes
 + Level 6.4 Armour
 + Level 1.9 Dodging
 + Level 4.5 Shields
 + Level 1.6 Invocations
 + Level 1.4 Evocations


You had 7 spell levels left.
You didn't know any spells.

Dungeon Overview and Level Annotations

Branches:
Dungeon (6/15)
 Temple: D:4-7

Altars:
Cheibriados
Okawaru
Uskayaw

Annotations:
D:6 Pikel


Innate Abilities, Weirdness & Mutations

You reflexively headbutt those who attack you in melee.
You have a pair of horns on your head.


Message History

That felt strangely unrewarding.
You feel very mighty all of a sudden. You block Pikel's attack.
The slave barely misses you. You furiously retaliate!
You headbutt the slave! You slash Pikel!
Pikel is almost dead.
You slash the slave! You block Pikel's attack. The slave barely misses you.
You furiously retaliate!
You headbutt the slave!!
You kill the slave!
That felt strangely unrewarding.
You closely miss Pikel.
Pikel is almost dead.
Pikel hits you but does no damage.
Your shield and scale mail prevent you from hitting Pikel.
Your headbutt misses Pikel.
Pikel is almost dead.
Pikel hits you with a whip of electrocution.
* * * LOW HITPOINT WARNING * * *
You are electrocuted!
You die...

#.......#... ..........#
......... .......###
........... ... .....#
..##K[..##### ##.
#######.##@[....... ..#
.........#......... ...
#........#......... #.#.#
#........#..#.#########)#..
#...........#.### .....###
#...............#.#####....
#...........#.#.#..........
########.#..#.#.#..####.###
########....#.#.#.. #.# #


You could see Pikel.

Vanquished Creatures
  Grinder (D:5)
  A water moccasin (D:5)
  A sky beast (D:3)
  4 slaves (D:6)
  A phantom (D:5)
  A bullfrog (D:5)
  A howler monkey (D:4)
  2 crimson imps (D:5)
  A hound (D:5)
  A gnoll shaman (D:3)
  A bullfrog skeleton (D:6)
  A centaur skeleton (D:3)
  Terence (D:2)
  Ijyb (D:4)
  5 gnolls (D:3)
  8 adders
  An ooze (D:2)
  2 adder skeletons
  A worm (D:4)
  5 dart slugs
  6 leopard geckos
  2 orcs
  3 ball pythons
  7 giant cockroaches
  12 goblins
  7 hobgoblins
  3 jackals (D:4)
  3 quokkas
  6 bats
  3 frilled lizards
  A jackal skeleton (D:4)
  A jackal zombie (D:5)
  5 kobolds
  3 rats
102 creatures vanquished.

Notes
Turn   | Place    | Note
-------+----------+-------------------------------------------
     0 | D:1      | empire the Minotaur Fighter began the quest for the Orb.
     0 | D:1      | Reached XP level 1. HP: 19/19 MP: 0/0
   294 | D:1      | Reached XP level 2. HP: 24/27 MP: 1/1
   327 | D:1      | Reached skill level 3 in Axes
   757 | D:2      | Reached XP level 3. HP: 33/33 MP: 2/2
   779 | D:2      | Found a hide-covered altar of Uskayaw.
   779 | D:2      | Found a snail-covered altar of Cheibriados.
   786 | D:2      | Became a worshipper of Cheibriados the Contemplative
   840 | D:2      | Reached skill level 4 in Axes
   969 | D:2      | Noticed Terence
   990 | D:2      | Killed Terence
   990 | D:2      | Reached XP level 4. HP: 29/40 MP: 3/3
  1025 | D:2      | Reached skill level 5 in Axes
  1806 | D:3      | Reached * piety under Cheibriados
  1851 | D:3      | Reached XP level 5. HP: 30/46 MP: 4/4
  1856 | D:3      | Reached skill level 6 in Axes
  2167 | D:3      | Noticed a sky beast
  2172 | D:3      | Killed a sky beast
  2172 | D:3      | Reached XP level 6. HP: 30/52 MP: 5/5
  2399 | D:3      | Reached ** piety under Cheibriados
  2401 | D:3      | Reached skill level 7 in Axes
  2401 | D:3      | Reached skill level 5 in Armour
  3572 | D:4      | Noticed Ijyb
  3577 | D:4      | Killed Ijyb
  3784 | D:5      | Entered Level 5 of the Dungeon
  3882 | D:5      | Noticed a water moccasin
  3887 | D:5      | Killed a water moccasin
  3887 | D:5      | Reached skill level 8 in Axes
  3887 | D:5      | Reached XP level 7. HP: 52/58 MP: 6/6
  4003 | D:5      | Found an iron altar of Okawaru.
  4099 | D:5      | Noticed Grinder
  4105 | D:5      | Paralysed by Grinder for 7 turns
  4113 | D:5      | Paralysed by Grinder for 4 turns
  4120 | D:5      | Paralysed by Grinder for 7 turns
  4130 | D:5      | Killed Grinder
  4130 | D:5      | Reached skill level 1 in Dodging
  4130 | D:5      | Reached skill level 1 in Invocations
  4241 | D:5      | Reached skill level 1 in Evocations
  4505 | D:6      | Reached *** piety under Cheibriados
  4505 | D:6      | Reached XP level 8. HP: 60/67 MP: 8/8
  4507 | D:6      | Noticed Pikel
  4528 | D:6      | Slain by Pikel

Skill      XL: |  1  2  3  4  5  6  7 |
---------------+----------------------+-----
Axes           | 3 4 5 6 8 |  8.2
Armour         | 4 5 6 |  6.4
Fighting       | 4 |  4.5
Dodging        | 1 |  1.9
Shields        | 4 |  4.5
Invocations    | 1 |  1.6
Evocations     | 1 |  1.4

Action                   |  1- 3 |  4- 6 |  7- 9 || total
-------------------------+-------+-------+-------++-------
Melee: War axe           |    49 |   129 |    49 ||   227
       Headbutt          |     7 |    30 |     9 ||    46
       Unarmed           |    16 |     1 |       ||    17
  Use: Potion            |     1 |     1 |     3 ||     5
       Scroll            |       |     6 |     2 ||     8
 Stab: Invisible         |       |     1 |       ||     1
  Eat: Chunk             |       |     7 |     1 ||     8
Armor: Scale mail        |    19 |    70 |    17 ||   106
Dodge: Dodged            |    28 |    44 |    23 ||    95
Block: Shield            |    22 |    90 |    23 ||   135
